 Dungeon Sprint DCSS version 0.26-a0-631-ged93497179 (webtiles) character file.

Game seed: 11889801391097310442

897 Conn the Thaumaturge (level 8, 0/49 HPs)
             Began as an Octopode Hedge Wizard on Sept 13, 2020.
             Was a Follower of Sif Muna.
             Succumbed to Sonja's curare-tipped dart
             ... while paralysed by you
             ... in the Dungeon (Sprint I: "Red Sonja").
             The game lasted 00:10:48 (728 turns).

Conn the Thaumaturge (Octopode Hedge Wizard)         Turns: 728, Time: 00:10:48

Health: 0/49       AC:  1    Str: 10    XL:     8   Next: 7%
Magic:  4/22       EV:  2    Int: 18    God:    Sif Muna [*.....]
Gold:   410        SH:  0    Dex: 11    Spells: 17/28 levels left

rFire    . . .     SeeInvis .   d - +4 scythe (venom)
rCold    . . .     Faith    .   (shield currently unavailable)
rNeg     . . .     Spirit   .   b - +0 hat
rPois    .         Reflect  .   (no amulet)
rElec    .         Harm     .   (no ring)
rCorr    .         Rampage  .   (no ring)
MR       .....     NoTele   +   (no ring)
Stlth    ++++......             (no ring)
HPRegen  0.16/turn              (no ring)
MPRegen  0.18/turn              (no ring)
                                (no ring)
                                (no ring)

@: paralysed, lethally poisoned (0 -> -3)
A: almost no armour, stealthy swim, amphibious, 8 rings, constrict 8, camouflage
1, gelatinous body 1
a: Channel Magic, Renounce Religion


You were in the Dungeon.
You worshipped Sif Muna.
Sif Muna was aware of your devotion.
You visited 1 branch You collected 410 gold pieces.

Inventory:

Hand Weapons
 a - a +0 dagger
 d - a +4 scythe of venom (weapon)
Armour
 b - a +0 hat (worn)
Wands
 c - a wand of random effects (9)
Potions
 g - a potion of magic


   Skills:
 + Level 1.7 Fighting
 + Level 3.0 Polearms
 + Level 5.2 Dodging
 + Level 5.6 Stealth
 + Level 10.8 Spellcasting
 * Level 4.7 Conjurations
 + Level 5.2 Summonings
 + Level 2.0 Translocations
 + Level 0.9 Fire Magic
 * Level 2.6 Air Magic
 * Level 2.9 Poison Magic
 * Level 4.9 Invocations
 + Level 4.3 Evocations


You had 17 spell levels left.
You knew the following spells:

 Your Spells              Type           Power        Failure   Level
a - Magic Dart            Conj           ####         1%          1
b - Blink                 Tloc           N/A          4%          2
c - Call Imp              Summ           ####....     1%          2
d - Conjure Flame         Conj/Fire      ###.....     7%          3
e - Mephitic Cloud        Conj/Pois/Air  ###.....     5%          3

Your spell library contained the following spells:

 Spells                   Type           Power        Failure   Level
 Slow                     Hex            #.......     11%         2


Dungeon Overview and Level Annotations

Branches:
Dungeon (1/1)

Altars:
Cheibriados
Dithmenos
Elyvilon
Fedhas
Gozag
Hepliaklqana
Kikubaaqudgha
Makhleb
Nemelex Xobeh
Okawaru
Qazlal
Ru
Sif Muna
Trog
Uskayaw
Vehumet
Wu Jian
Xom
Yredelemnul
Zin
The Shining One
Jiyva
Lugonu

Shops:
D [


Innate Abilities, Weirdness & Mutations

You cannot wear most types of armour.
You are very stealthy in the water. (Stealth+)
You are amphibious.
You can wear up to eight rings at the same time.
You can use your tentacles to constrict eight enemies at once.
Your skin changes colour to match your surroundings (Stealth+).
Your rubbery body absorbs attacks. (AC +1, EV +1)


Message History

You assume a fearsome visage.
Your crimson imp is unaffected.
Your shadow imp is unaffected.
It was a scroll of fear.
You feel yourself speed up.
* * * LOW HITPOINT WARNING * * *
You feel sick.
* * * LOW HITPOINT WARNING * * *
You feel sick.
You see here a curare-tipped dart.
* * * LOW HITPOINT WARNING * * *
You feel sick.
There is an open door here.
Evoke which item? (* to show all) (? for menu, Esc to quit)
Aiming: Random Effects
Press: ? - help, Shift-Dir - straight line, f - you That beam is likely to hit you.
Continue anyway?
You suddenly lose the ability to move!
* * * LOW HITPOINT WARNING * * *
You feel sick.
You die...

#<.#.['..#..'..#__#..+
#..'..#..'..#..'..'..#
#.)#####'#####'#__####
#.[####..#...#.####
#..#__####..##.#
#..#_____##'#_.+
#⌠⌠#_.∩...'.(._#
####_..__##_5#'#
#_____###@#[# #######
#)### $.$ #$.$# ##.##
#+#


You could see a friendly shadow imp (summoned, wandering).

Vanquished Creatures
  A slime creature (D)
  A yak (D)
  An ogre (D)
  A jelly (D)
  Ijyb (D)
5 creatures vanquished.

Vanquished Creatures (collateral kills)
  Sonja (D)
  Sigmund (D)
2 creatures vanquished.

Grand Total: 7 creatures vanquished

Notes
Turn   | Place    | Note
-------+----------+-------------------------------------------
     0 | D        | Conn the Octopode Hedge Wizard began the quest for the Orb.
     0 | D        | Reached XP level 1. HP: 11/11 MP: 4/4
     1 | D        | Noticed Ijyb
    10 | D        | Killed Ijyb
    10 | D        | Reached skill level 5 in Spellcasting
    10 | D        | Reached XP level 2. HP: 17/17 MP: 4/8
    10 | D        | Reached XP level 3. HP: 21/21 MP: 5/10
    13 | D        | Noticed an ogre
    33 | D        | Killed an ogre
    33 | D        | Reached skill level 7 in Spellcasting
    33 | D        | Reached skill level 1 in Evocations
    33 | D        | Reached XP level 4. HP: 27/27 MP: 7/13
    50 | D        | Learned a level 2 spell: Blink
    53 | D        | Learned a level 2 spell: Call Imp
    53 | D        | Noticed Sigmund
    95 | D        | HP: 1/27 [something (6)]
   105 | D        | Killed Sigmund
   105 | D        | Reached skill level 5 in Stealth
   105 | D        | Reached skill level 9 in Spellcasting
   105 | D        | Reached XP level 5. HP: 3/32 MP: 4/16
   418 | D        | Found an ornate altar of the Wu Jian Council.
   418 | D        | Found a shimmering blue altar of Sif Muna.
   420 | D        | Found a radiant altar of Vehumet.
   424 | D        | Became a worshipper of Sif Muna the Loreminder
   426 | D        | Reached XP level 6. HP: 34/37 MP: 18/18
   460 | D        | Learned a level 3 spell: Conjure Flame
   464 | D        | Learned a level 3 spell: Mephitic Cloud
   464 | D        | Found Fomell's Armour Emporium.
   464 | D        | Found an ancient bone altar of Kikubaaqudgha.
   464 | D        | Found a hazy altar of Hepliaklqana.
   464 | D        | Found a stormy altar of Qazlal.
   464 | D        | Found a hide-covered altar of Uskayaw.
   464 | D        | Found a blossoming altar of Fedhas.
   464 | D        | Found a bloodstained altar of Trog.
   464 | D        | Found an iron altar of Okawaru.
   464 | D        | Found a basalt altar of Yredelemnul.
   464 | D        | Found a glowing golden altar of the Shining One.
   464 | D        | Found a snail-covered altar of Cheibriados.
   464 | D        | Found a sacrificial altar of Ru.
   464 | D        | Found a glowing silver altar of Zin.
   464 | D        | Found a shadowy altar of Dithmenos.
   464 | D        | Found a white marble altar of Elyvilon.
   464 | D        | Noticed a yak
   474 | D        | Killed a yak
   474 | D        | Reached skill level 1 in Fighting
   474 | D        | Reached skill level 1 in Polearms
   474 | D        | Reached skill level 10 in Spellcasting
   483 | D        | Found an opulent altar of Gozag.
   484 | D        | Found a sparkling altar of Nemelex Xobeh.
   620 | D        | Found a burning altar of Makhleb.
   620 | D        | Found a viscous altar of Jiyva.
   620 | D        | Found a shimmering altar of Xom.
   620 | D        | Found a corrupted altar of Lugonu.
   620 | D        | Noticed a slime creature
   636 | D        | Killed a slime creature
   636 | D        | Reached * piety under Sif Muna
   636 | D        | Reached skill level 5 in Dodging
   636 | D        | Reached XP level 7. HP: 43/43 MP: 10/20
   697 | D        | Noticed Sonja
   718 | D        | Killed Sonja
   718 | D        | Reached skill level 5 in Summonings
   718 | D        | Reached XP level 8. HP: 5/49 MP: 2/22
   722 | D        | HP: 2/49 [poisoned by Sonja (curare-tipped dart)]
   724 | D        | Paralysed by you for 6 turns
   728 | D        | Succumbed to Sonja's curare-tipped dart

Illustrated notes

Levels and vault maps discovered:
D:        dungeon_sprint_1 [red_sonja_temple_1, red_sonja_temple_small_1]

Skill      XL: |  1  2  3  4  5  6  7 |
---------------+----------------------+-----
Stealth        | 3 4 5 |  5.6
Spellcasting   | 5 7 9 10 | 10.8
Dodging        | 4 5 |  5.2
Evocations     | 1 2 3 4 |  4.3
Summonings     | 2 3 4 5 |  5.2
Fighting       | 1 |  1.7
Polearms       | 2 3 |  3.0
Conjurations   | 3 4 |  4.7
Invocations    | 3 4 |  4.9
Translocations | 2 |  2.0
Air Magic      | 2 |  2.6
Poison Magic   | 2 |  2.9
Fire Magic     | |  0.9

Action                   |  1- 3 |  4- 6 |  7- 9 || total
-------------------------+-------+-------+-------++-------
Melee: Dagger            |     6 |       |       ||     6
       Tentacles         |     1 |     1 |       ||     2
       Constrict         |     1 |       |       ||     1
       Scythe            |       |     7 |       ||     7
 Cast: Call Imp          |       |    12 |     4 ||    16
       Blink             |       |     1 |       ||     1
       Conjure Flame     |       |     2 |     1 ||     3
       Mephitic Cloud    |       |     1 |     4 ||     5
Evoke: Wand              |     7 |     4 |     1 ||    12
  Use: Potion            |     3 |     2 |       ||     5
       Scroll            |     1 |       |     1 ||     2
Armor: Skin              |       |     1 |       ||     1
Dodge: Dodged            |    12 |     9 |     2 ||    23

Table legend: (Time is in decaauts)
 A = Elapsed time spent in this place.
 B = Non-inter-level travel time spent in this place.
 C = Inter-level travel time spent in this place.
 D = Time resting spent in this place.
 E = Time spent auto-exploring this place.
 F = Levels seen in this place.
 G = Mean time per level.
                   A        B        C        D        E       F      G
               +--------+--------+--------+--------+--------+-----+--------+
         Total |    731 |    731 |      0 |    422 |      0 |   1 |  731.0 |
       Dungeon |    731 |    731 |      0 |    422 |      0 |   1 |  731.0 |
               +--------+--------+--------+--------+--------+-----+--------+

Top non-repeatable levels by time:
       D: 731 daAuts
